 Dungeon Crawl Stone Soup version 0.17-a0-2127-g1cb09f6 (webtiles) character file.

84 Ordine the Magician (level 4, 0/30 HPs)
             Began as a Mummy Wizard on Oct 22, 2015.
             Slain by an adder (3 damage)
             ... on level 2 of the Dungeon.
             The game lasted 00:16:43 (4818 turns).

Ordine the Magician (Mummy Wizard)                  Turns: 4818, Time: 00:16:43

Health: 0/30       AC:  2    Str: 10    XL:     4   Next: 24%
Magic:  1/8        EV: 12    Int: 18    God:
Gold:   158        SH:  0    Dex: 10    Spells: 4 memorised, 0 levels left

rFire  x . .     SeeInvis .     e - +0 dagger
rCold  + . .     Clarity  .     a - +0 robe
rNeg   + + +     SustAt   .     (no shield)
rPois  ∞         Gourm    .     b - +0 hat
rElec  .         Spirit   .     (no cloak)
rCorr  .         Warding  .     (no gloves)
rMut   .         Stasis   .     (no boots)
MR     .....                    (no amulet)
Stlth  ++........               (no ring)
                                (no ring)

@: not resistant to hostile enchantments, unstealthy
A: no food or potions, fire vulnerability, cold resistance 1, negative energy
resistance 3, torment resistance, unbreathing
a: no special abilities


You were on level 2 of the Dungeon.
You were not hungry.

You visited 1 branch of the dungeon, and saw 3 of its levels.

You collected 158 gold pieces.

Inventory:

Hand Weapons
 e - a +0 dagger (weapon)
 l - a +0 hunting sling
 n - a +0 blowgun
Missiles
 f - 160 stones (quivered)
 g - 18 sling bullets
 m - 10 poisoned needles
Armour
 a - a +0 robe (worn)
 b - a +0 hat (worn)
Wands
 d - a wand of cold (7)
 j - a wand of polymorph (0)
Scrolls
 h - a scroll of magic mapping
 i - a scroll of enchant weapon
 k - a scroll of fear
Books
 c - a book of Minor Magic

   Spells                             Type                      Level
   a - Magic Dart                     Conjuration                  1
   b - Blink                          Translocation                2
   c - Call Imp                       Summoning                    2
   d - Repel Missiles                 Charms/Air                   2
   e - Slow                           Hexes                        2
   f - Conjure Flame                  Conjuration/Fire             3
   g - Mephitic Cloud                 Conjuration/Poison/Air       3


   Skills:
 - Level 1.5 Dodging
 - Level 1.5 Stealth
 - Level 3.0 Spellcasting
 - Level 2.4 Conjurations
 - Level 0.7 Summonings
   Level 0.7 Translocations
 + Level 1.2 Air Magic
 + Level 1.3 Poison Magic


You couldn't memorise any spells.
You knew the following spells:

 Your Spells              Type           Power        Failure   Level  Hunger
a - Magic Dart            Conj           ##..         8%          1    N/A
b - Call Imp              Summ           #.......     21%         2    N/A
c - Mephitic Cloud        Conj/Pois/Air  #.......     30%         3    N/A
d - Conjure Flame         Conj/Fire      #.......     34%         3    N/A

Dungeon Overview and Level Annotations

Branches:
Dungeon (3/15)

Altars:

Annotations:
D:3 twist's ghost, amateur DgFi


Innate Abilities, Weirdness & Mutations

You do not eat or drink.
Your flesh is vulnerable to fire.
You are immune to poison.
Your flesh is cold resistant.
You are immune to negative energy.
You are immune to unholy pain and torment.
You can survive without breathing.


Message History

Your crimson imp blinks! x2
Your crimson imp blinks! x2
The adder barely misses you. The adder bites you.
* * * LOW HITPOINT WARNING * * *
Your crimson imp disappears in a puff of smoke!
Casting: Call Imp
Confirm with . or Enter, or press ? or * to list all spells.
Aiming: Magic Dart
Press: ? - help, Shift-Dir - straight line, f - adder
Aim: an adder The magic dart hits the adder.
The adder is lightly wounded.
The adder barely misses you.
Your crimson imp hits the adder.
Your crimson imp blinks!
The adder bites you but does no damage.
You closely miss the adder.
The adder is lightly wounded.
The adder bites you.
You die...

##.####.#.######.......##.....#.#
#.........#............##.....#.#
#.#######.#...................#..
#.............................###
#########.#..........5...........
#S######.#............##. #####
#5# #................##. ....#
###.####.#S#............##.
....###.........@.......#.######.
..........####.#.######.#.# #.
....###.### #.#.# #.#.# ##
....#.#.# #.#.######.#.# ##
#####.#.# #.#......#.#.### #.
#.#.######.#.####.......# #.
#.#........#.####.......# #.
#####.#.######..............####.
...................%)............


You could see an adder and a friendly crimson imp.

Vanquished Creatures
  3 giant geckos
  5 bats
  4 hobgoblins
  A jackal (D:1)
  9 kobolds
  A quokka (D:3)
  A ball python (D:3)
  A giant cockroach (D:2)
  3 giant newts
  9 goblins
  6 rats
43 creatures vanquished.

Vanquished Creatures (collateral kills)
  Jessica (D:2)
  3 adders
  A worm (D:2)
  A giant gecko (D:1)
  An orc (D:3)
  A bat (D:2)
  A giant cockroach (D:2)
  2 hobgoblins (D:2)
  4 jackals (D:1)
15 creatures vanquished.

Grand Total: 58 creatures vanquished

Notes
Turn   | Place    | Note
--------------------------------------------------------------
     0 | D:1      | Ordine the Mummy Wizard began the quest for the Orb.
     0 | D:1      | Reached XP level 1. HP: 13/13 MP: 4/4
     2 | D:1      | Reached skill level 1 in Conjurations
   346 | D:1      | Reached XP level 2. HP: 17/19 MP: 0/6
   358 | D:1      | Learned a level 2 spell: Call Imp
  2047 | D:2      | Reached XP level 3. HP: 21/24 MP: 1/7
  2225 | D:2      | Learned a level 3 spell: Mephitic Cloud
  2677 | D:2      | Noticed Jessica
  2814 | D:2      | Killed Jessica
  3083 | D:2      | Reached skill level 1 in Air Magic
  3250 | D:2      | Reached skill level 1 in Poison Magic
  3533 | D:2      | Reached XP level 4. HP: 30/30 MP: 6/8
  3538 | D:2      | Learned a level 3 spell: Conjure Flame
  4255 | D:3      | Noticed twist's ghost (amateur DgFi)
  4818 | D:2      | Slain by an adder

Vault maps used:
D:1:      minmay_arrival_radiant_lines
D:2:      first_bread, uniq_jessica

Action                   |  1- 3 |  4- 6 || total
-------------------------+-------+-------++-------
Melee: Short sword       |     5 |       ||     5
       Unarmed           |     2 |       ||     2
       Dagger            |    25 |     1 ||    26
 Fire: Hunting sling     |       |     1 ||     1
 Cast: Magic Dart        |    72 |    20 ||    92
       Call Imp          |    22 |    15 ||    37
       Mephitic Cloud    |     1 |       ||     1
  Use: Scroll            |     5 |     2 ||     7
